[Event "Team 45 45 League T60"]
[Site "Internet Chess Club"]
[Date "2014.03.08"]
[Round "2"]
[White "imgr8"]
[Black "Jack-ONeill"]
[Result "1/2-1/2"]
[WhiteElo "2146"]
[BlackElo "2056"]
[Opening "Sicilian: Alapin's variation (2.c3)"]
[ECO "B22"]
[Time "10:04:55"]
[TimeControl "2700+45"]

1. e4 c5 2. c3 Nf6 3. e5 Nd5 4. Nf3 Nc6 5. Bc4 Nb6 6. Bb3 d5 7. exd6 Qxd6 8. Na3
Be6 9. d4 cxd4 10. Nb5 Qd7 11. O-O Bxb3 12. axb3 e6 13. Bf4 Nd5 14. Bg3 Rc8 15.
Nbxd4 a6 16. Nxc6 Qxc6 17. Ne5 Qb6 18. c4 Nf6 19. Bh4 Rd8 20. Qf3 Be7 21. Rad1
Qc7 22. Rxd8+ Bxd8 23. Bg3 Qc8 24. c5 O-O 25. Nc4 Nd5 26. Bd6 Re8 27. Re1 Bf6
28. g3 Qc6 29. Qd3 Qb5 30. Qe4 h6 31. Qd3 Nb4 32. Qf3 Nc2 33. Re4 Nd4 34. Qd1
Nxb3 35. Na3 Qc6 36. Rc4 Na5 37. Rc2 Qa4 38. Qf3 Qb3 39. Kg2 Qxf3+ 40. Kxf3 Nc6
41. Ke4 Bd4 42. f4 f5+ 43. Kd3 Bf6 44. Kc4 e5 45. fxe5 Nxe5+ 46. Kd5 Ng4 47. Nc4
Ne3+ 48. Nxe3 Rxe3 49. b4 Kf7 50. c6 Rd3+ 51. Kc4 Rd4+ 52. Kc5 bxc6 53. Kxc6 Be7
54. Bc5 Re4 55. Ra2 g5 56. Rxa6 f4 57. gxf4 gxf4 58. Kd5 Re2 59. Rxh6 Bxc5 60.
bxc5 f3 61. Rh3 f2 62. Rf3+ Kg6 63. c6 Rc2 64. Kd6 Kg5 65. h3 Kh4 66. c7 Rd2+
67. Ke7 Rc2 68. Kd7 Rd2+ 69. Ke8 Rc2 70. Kd8 Rd2+ 71. Kc8 Rc2 72. Kb8 Rb2+ 73.
Ka7 Rc2 74. Kb6 Rb2+ 75. Kc5 Rc2+ 76. Kd6 Rd2+ 77. Ke5 Rc2 {Game drawn by mutual
agreement} 1/2-1/2

[Event "Team 45 45 League T60"]
[Site "Internet Chess Club"]
[Date "2014.03.07"]
[Round "2"]
[White "cheesypotatoes"]
[Black "irock"]
[Result "1-0"]
[WhiteElo "2210"]
[BlackElo "1860"]
[Opening "Sicilian: Hungarian variation"]
[ECO "B27"]
[Time "19:02:34"]
[TimeControl "2700+45"]

1. e4 c5 2. Nf3 g6 3. Bc4 Bg7 4. d4 cxd4 5. Nxd4 Nc6 6. Ne2 Nf6 7. Nbc3 O-O 8.
O-O d6 9. Bf4 Bd7 10. Qd2 Rc8 11. Bb3 Na5 12. Rfd1 Nc4 13. Bxc4 Rxc4 14. Qd3 Rc8
15. Ng3 Bc6 16. Qf1 Qb6 17. Rab1 Rfd8 18. Qe2 Nd7 19. Nd5 Bxd5 20. exd5 Re8 21.
c3 Qc5 22. Rbc1 Qc4 23. Qd2 Qxa2 24. Ra1 Qb3 25. Ra3 Qb5 26. Rxa7 Nc5 27. Qe2
Qb3 28. Ra3 Qb6 29. b4 Nd7 30. Qd3 Ne5 31. Bxe5 Bxe5 32. Ne4 Rc7 33. Rda1 Rec8
34. Ra8 Kg7 35. Rxc8 Rxc8 36. Ra3 h6 37. g3 f5 38. Nd2 Bf6 39. Kg2 f4 40. gxf4
Bh4 41. Qe3 Qb5 42. Qh3 {Black resigns} 1-0

[Event "Team 45 45 League T60"]
[Site "Internet Chess Club"]
[Date "2014.03.09"]
[Round "2"]
[White "juniorVishy"]
[Black "gerailen0075"]
[Result "1-0"]
[WhiteElo "1774"]
[BlackElo "1897"]
[Opening "QGD: classical variation (5.Bf4)"]
[ECO "D31"]
[Time "19:00:53"]
[TimeControl "2700+45"]

1. d4 e6 2. c4 d5 3. Nc3 Be7 4. Nf3 Nf6 5. Bf4 O-O 6. e3 c5 7. dxc5 Bxc5 8. Qb3
Nc6 9. Be2 d4 10. O-O-O Qe7 11. exd4 Nxd4 12. Nxd4 e5 13. Be3 exd4 14. Bxd4 Ng4
15. Nd5 Qg5+ 16. f4 {Black resigns} 1-0

[Event "Team 45 45 League T60"]
[Site "Internet Chess Club"]
[Date "2014.03.09"]
[Round "2"]
[White "Egmont"]
[Black "xt"]
[Result "1-0"]
[WhiteElo "1814"]
[BlackElo "1602"]
[Opening "Queen's pawn, Mason variation"]
[ECO "D00"]
[Time "13:05:23"]
[TimeControl "2700+45"]

1. d4 d5 2. Bf4 Bf5 3. e3 e6 4. Nf3 Nf6 5. c4 c6 6. Qb3 Qb6 7. c5 Qxb3 8. axb3
Nbd7 9. h3 Be7 10. Nc3 O-O 11. Be2 b6 12. b4 h6 13. Ba6 bxc5 14. bxc5 Rae8 15.
Bb7 Nb8 16. Rxa7 Rd8 17. O-O Nfd7 18. Ne5 Nxe5 19. Bxe5 f6 20. Bxb8 Rxb8 21.
Bxc6 Bd8 22. Rb7 Ba5 23. Ra1 Bxc3 24. bxc3 Rxb7 25. Bxb7 Rb8 26. Ra8 Rxa8 27.
Bxa8 Kf8 28. c6 Ke7 29. Bb7 Kd6 30. f4 Kc7 31. Kf1 Be4 32. g3 Bd3+ 33. Ke1 Bb5
34. Kd2 Ba6 35. Bxa6 {Black resigns} 1-0

[Event "Team 45 45 League T60"]
[Site "Internet Chess Club"]
[Date "2014.03.09"]
[Round "2"]
[White "Achelous"]
[Black "AVEMARIA"]
[Result "1-0"]
[WhiteElo "1775"]
[BlackElo "1615"]
[Opening "Caro-Kann: classical variation"]
[ECO "B18"]
[Time "10:01:22"]
[TimeControl "2700+45"]

1. e4 c6 2. d4 d5 3. Nc3 dxe4 4. Nxe4 Bf5 5. Nc5 e5 6. Nxb7 Qxd4 7. Qxd4 exd4 8.
Bf4 Bb4+ 9. Kd1 Nd7 10. Bd6 c5 11. a3 Be4 12. axb4 Bxb7 13. bxc5 Ngf6 14. f3 Nd5
15. Bb5 Ne3+ 16. Kd2 Bd5 17. Ne2 Bc4 18. Nxd4 Bxb5 19. Rhe1 {Black resigns} 1-0

[Event "Team 45 45 League T60"]
[Site "Internet Chess Club"]
[Date "2014.03.08"]
[Round "2"]
[White "tightfist"]
[Black "mongmong"]
[Result "1/2-1/2"]
[WhiteElo "1655"]
[BlackElo "1677"]
[Opening "Polish (Sokolsky) opening"]
[ECO "A00"]
[Time "22:01:21"]
[TimeControl "2700+45"]

1. b4 e6 2. Bb2 Nf6 3. a3 d5 4. d4 Ne4 5. Nf3 Be7 6. e3 Nd7 7. c4 c6 8. Nbd2
Ndf6 9. Bd3 Nxd2 10. Nxd2 O-O 11. O-O a5 12. c5 axb4 13. axb4 Rxa1 14. Qxa1 b5
15. e4 Nxe4 16. Nxe4 dxe4 17. Bxe4 Qc7 18. Qa8 Bb7 19. Qa5 Qxa5 20. bxa5 Ra8 21.
Bc3 Bd8 22. Ra1 f5 23. Bf3 Ra6 24. h3 Kf7 25. Kf1 g6 26. Ke2 Be7 27. Bb4 Kf6 28.
g3 e5 29. dxe5+ Kxe5 30. Rd1 Ke6 31. h4 Ra8 32. Ra1 Kd7 33. Ke3 Re8 34. Kf4 Bf6
35. Rd1+ Kc7 36. h5 Re7 37. g4 fxg4 38. Bxg4 gxh5 39. Bxh5 Rd7 40. Rxd7+ Kxd7
41. Bg4+ Ke7 42. Ke4 Bb2 43. f4 Kf6 44. Kd3 Bc1 45. Ke4 Bb2 46. Kd3 Bc1 47. Ke4
Bb2 {Game drawn by repetition} 1/2-1/2

[Event "Team 45 45 League T60"]
[Site "Internet Chess Club"]
[Date "2014.03.09"]
[Round "2"]
[White "oldsj"]
[Black "BotanicalKnight"]
[Result "0-1"]
[WhiteElo "1562"]
[BlackElo "1545"]
[Opening "Caro-Kann: Panov-Botvinnik attack, 5...e6"]
[ECO "B14"]
[Time "13:00:53"]
[TimeControl "2700+45"]

1. e4 c6 2. d4 d5 3. exd5 cxd5 4. c4 Nf6 5. Nc3 e6 6. Nf3 Bb4 7. Qb3 Bxc3+ 8.
Qxc3 dxc4 9. Bxc4 O-O 10. O-O Nbd7 11. Bg5 h6 12. Bh4 Qb6 13. Rad1 Nd5 14. Bxd5
exd5 15. Be7 Re8 16. Bc5 Qa6 17. Rfe1 Rxe1+ 18. Rxe1 Nxc5 19. dxc5 Be6 20. a3 b5
21. b4 Qc6 22. Ne5 Qc7 23. Qd3 a6 24. Nf3 Re8 25. Nd4 Bd7 26. Rxe8+ Bxe8 27. Qe3
Kf8 28. Nf5 Bd7 29. Qe7+ Kg8 30. Nd6 Kh7 31. Qxf7 Qd8 32. Qxd5 Qf6 33. Qd3+ g6
34. h3 Qa1+ 35. Kh2 Qe5+ 36. g3 Bc6 37. Nf7 Qe1 38. Qd4 Qh1# {White checkmated}
0-1

[Event "Team 45 45 League T60"]
[Site "Internet Chess Club"]
[Date "2014.03.09"]
[Round "2"]
[White "chessnow"]
[Black "Schachteufel"]
[Result "0-1"]
[WhiteElo "1442"]
[BlackElo "1657"]
[Opening "Ruy Lopez: closed defense"]
[ECO "C84"]
[Time "17:00:35"]
[TimeControl "2700+45"]

1. e4 e5 2. Nf3 Nc6 3. Bb5 a6 4. Ba4 Nf6 5. O-O Be7 6. Nc3 b5 7. Bb3 d6 8. d4
Bg4 9. d5 Nd4 10. Qd3 Bxf3 11. gxf3 Qd7 12. Ne2 Qh3 13. Nxd4 exd4 14. Qxd4 Qxf3
15. c3 Qxe4 16. Qxe4 Nxe4 17. Be3 O-O 18. Rfe1 Bg5 19. Bxg5 Nxg5 20. Re3 Rae8
21. Kg2 Rxe3 22. fxe3 Re8 23. Re1 f5 24. Kg3 g6 25. Kf4 Ne4 26. Re2 Kg7 27. c4
Kf6 28. cxb5 axb5 29. Rc2 Re7 30. a4 g5+ 31. Kf3 Nc5 32. Rc3 Nxa4 33. Bxa4 bxa4
34. Rc4 Ke5 35. Rxa4 Kxd5 36. Ra5+ Ke6 37. b4 d5 38. Ra6+ Ke5 39. b5 Re6 40. Ra7
g4+ 41. Kf2 Kd6 42. Ra6+ Kd7 43. Ra4 Rb6 44. Rb4 Kd6 45. Kg3 c5 46. Rb1 Ke5 47.
Kf2 c4 48. Ke2 Kd6 49. Kd2 Kc5 50. Kc3 Rxb5 51. Rc1 Rb3+ 52. Kd2 Rb2+ 53. Kc3
Rxh2 54. Rf1 Rh5 55. Rg1 Rh3 56. Kd2 h5 57. e4 fxe4 58. Ke2 Rh2+ 59. Ke3 c3 60.
Rc1 c2 61. Kf4 Kc4 62. Ke3 g3 63. Kf4 h4 64. Kg4 d4 65. Kf4 d3 66. Ke3 d2 67.
Rxc2+ Kb3 68. Rxd2 Rxd2 69. Kxd2 g2 70. Ke3 h3 71. Kf2 e3+ 72. Kxe3 g1=R 73. Kf2
Rg8 74. Kf3 h2 75. Kf2 h1=R 76. Kf3 Re1 77. Kf2 Re7 78. Kf3 Rf8+ 79. Kg4 Rg7+
80. Kh5 Rh8# {White checkmated} 0-1

[Event "Team 45 45 League T60"]
[Site "Internet Chess Club"]
[Date "2014.03.08"]
[Round "2"]
[White "edwspin"]
[Black "stevyk6"]
[Result "0-1"]
[WhiteElo "1521"]
[BlackElo "1584"]
[Opening "Benko's opening"]
[ECO "A00"]
[Time "19:01:55"]
[TimeControl "2700+45"]

1. g3 e5 2. Bg2 d5 3. b3 Nf6 4. Bb2 Nc6 5. d3 Be6 6. Nd2 Be7 7. h3 Qd6 8. e3
O-O-O 9. Qe2 Qd7 10. a3 Bd6 11. Ngf3 Rhe8 12. Ng5 h6 13. Nxe6 Qxe6 14. h4 Qd7
15. Bh3 Re6 16. Bxe6 Qxe6 17. O-O-O Qe7 18. Nb1 Kb8 19. Rhe1 Qe6 20. f3 Qh3 21.
Qf2 Qe6 22. g4 Re8 23. g5 hxg5 24. hxg5 Nh7 25. f4 Qf5 26. Rh1 exf4 27. e4 dxe4
28. dxe4 Qg6 29. Nc3 Nxg5 30. Rhe1 f6 31. Nb5 Nxe4 32. Rxe4 Qxe4 33. Nxd6 cxd6
34. Kb1 Qe2 35. Rf1 Qxf2 36. Rxf2 Re4 37. Rg2 Re1+ 38. Ka2 f3 39. Rf2 Ne5 40.
Bxe5 dxe5 41. Rxf3 e4 42. Rg3 e3 43. Rxg7 e2 44. Re7 f5 45. Kb2 f4 46. Kc3 f3
47. Rf7 Rf1 48. Rf8+ Kc7 49. Rf7+ Kb6 50. Kc4 e1=Q 51. Rf6+ Kc7 52. Rf7+ Kd6 53.
Rf6+ Ke5 54. Rf8 Qe4+ 55. Kb5 Qc6+ 56. Ka5 Qc5+ {White resigns} 0-1

[Event "Team 45 45 League T60"]
[Site "Internet Chess Club"]
[Date "2014.03.08"]
[Round "2"]
[White "allychess"]
[Black "Berke"]
[Result "1/2-1/2"]
[WhiteElo "1430"]
[BlackElo "1588"]
[Opening "French: Tarrasch"]
[ECO "C03"]
[Time "13:02:07"]
[TimeControl "2700+45"]

1. e4 e6 2. d4 d5 3. Nd2 Be7 4. Ngf3 Nc6 5. Be2 dxe4 6. Nxe4 Nf6 7. Nc3 b6 8.
O-O Bb7 9. Bf4 O-O 10. Nb5 Bd6 11. Nxd6 cxd6 12. Re1 d5 13. Bg5 h6 14. Bh4 Rc8
15. Qd3 Nb8 16. c3 Nbd7 17. Bd1 Qe8 18. Bc2 Ne4 19. Rad1 Nb8 20. Rd2 Qd7 21. Ne5
Qd6 22. f3 Ba6 23. Qe3 Nxd2 24. Qxd2 f6 {Game drawn by mutual agreement} 1/2-1/2

[Event "Team 45 45 League T60"]
[Site "Internet Chess Club"]
[Date "2014.03.07"]
[Round "2"]
[White "rubo"]
[Black "netballgirl"]
[Result "1/2-1/2"]
[WhiteElo "1630"]
[BlackElo "1711"]
[Opening "Bird's opening: Lasker variation"]
[ECO "A02"]
[Time "23:30:17"]
[TimeControl "2700+45"]

1. f4 c5 2. Nf3 d5 3. e3 Nf6 4. Bb5+ Bd7 5. Bxd7+ Nbxd7 6. b3 e6 7. Bb2 Be7 8.
O-O O-O 9. Nc3 a6 10. a4 b6 11. Ne2 b5 12. axb5 axb5 13. Ng3 Qc7 14. Qe2 b4 15.
Ne5 Nxe5 16. Bxe5 Qb6 17. Bb2 Qb7 18. d3 Rxa1 19. Rxa1 Ra8 20. Qe1 Nd7 21. e4
Bh4 22. exd5 Qxd5 23. Rxa8+ Qxa8 24. Bxg7 Qa2 25. Qa1 Qxa1+ 26. Bxa1 Bxg3 27.
hxg3 f5 28. Kh2 h5 29. Kh3 Kf7 30. Kh4 Kg6 31. d4 Kh6 32. Bb2 Kg6 33. c4 bxc3
34. Bxc3 Kh6 35. dxc5 Nxc5 36. b4 Nb7 37. b5 Kg6 38. Bb4 Kh6 39. b6 Kg6 40. Bf8
Na5 41. Be7 Nb7 42. Kh3 Kf7 43. Bb4 Nd8 44. Kh2 Ke8 45. Kh3 Kf7 46. Kh2 Ke8 47.
Kg1 Kd7 48. Bc5 Nb7 49. Bd4 Na5 50. Kf2 Kc6 51. Ke2 Nc4 52. Kd3 Nd6 53. Ke2 Ne4
54. Bf2 Nf6 55. Kd3 Ne4 56. Be1 Kxb6 57. Kd4 Kc6 58. Ke5 Kd7 59. Kd4 Kc6 60. Ke5
{Game drawn by mutual agreement} 1/2-1/2

[Event "Team 45 45 League T60"]
[Site "Internet Chess Club"]
[Date "2014.03.10"]
[Round "2"]
[White "houseofcook"]
[Black "evan7284"]
[Result "0-1"]
[WhiteElo "1487"]
[BlackElo "1638"]
[Opening "Queen's pawn game"]
[ECO "D02"]
[Time "15:30:55"]
[TimeControl "2700+45"]

1. d4 d5 2. Nf3 e6 3. e3 f5 4. Bd3 Nf6 5. b3 Bd6 6. O-O O-O 7. Ne5 Nbd7 8. f4
Ne4 9. Bb2 Qh4 10. Nd2 Bxe5 11. fxe5 g5 12. Nf3 Qh6 13. Bxe4 dxe4 14. Nd2 g4 15.
Rf4 Nb6 16. c4 c6 17. a4 a5 18. Rc1 Bd7 19. Ba3 Rf7 20. Bc5 Nc8 21. Ba3 Ne7 22.
Bxe7 Rxe7 23. c5 Be8 24. Nc4 Bh5 25. Qe1 Rg7 26. g3 Bf7 27. Nxa5 Be8 28. Nxb7
Rxb7 {White resigns} 0-1

[Event "Team 45 45 League T60"]
[Site "Internet Chess Club"]
[Date "2014.03.06"]
[Round "2"]
[White "g8wrb"]
[Black "seattleblues"]
[Result "1-0"]
[WhiteElo "1343"]
[BlackElo "1471"]
[Opening "Caro-Kann: classical, 6.h4"]
[ECO "B18"]
[Time "06:05:02"]
[TimeControl "2700+45"]

1. e4 c6 2. d4 d5 3. Nc3 dxe4 4. Nxe4 Bf5 5. Ng3 Bg6 6. h4 h6 7. h5 Bh7 8. Nf3
Nd7 9. Bd3 Bxd3 10. Qxd3 e6 11. Bf4 Bb4+ 12. Bd2 Bd6 13. O-O-O Ngf6 14. Rde1 O-O
15. Ne4 Bc7 16. Bb4 Re8 17. Nd6 Bxd6 18. Bxd6 Nxh5 19. Be7 Nf4 20. Qe4 Nd3+ 21.
Qxd3 Qxe7 22. g4 g6 23. Rxh6 Kg7 24. Qe3 Nf6 25. Ne5 Nh7 26. Reh1 Rh8 27. f4 Nf6
28. f5 exf5 29. Rxh8 Rxh8 30. Rxh8 Kxh8 31. Nxg6+ {Black resigns} 1-0

[Event "Team 45 45 League T60"]
[Site "Internet Chess Club"]
[Date "2014.03.07"]
[Round "2"]
[White "Stiltzkin"]
[Black "Packerfan"]
[Result "1/2-1/2"]
[WhiteElo "1734"]
[BlackElo "1772"]
[Opening "Budapest: Fajarowicz variation"]
[ECO "A51"]
[Time "09:30:13"]
[TimeControl "2700+45"]

1. d4 Nf6 2. c4 e5 3. dxe5 Ne4 4. a3 d6 5. Nf3 Nc6 6. Qc2 Bf5 7. Nc3 Ng3 8. e4
Nxh1 9. exf5 dxe5 10. Be3 Be7 11. Rd1 Qc8 12. Nd5 Bd6 13. g3 Ne7 14. Nxe7 Bxe7
15. Nxe5 O-O 16. Bg2 Nxf2 17. Kxf2 c6 18. Rd7 Bf6 19. Rxf7 Rxf7 20. Nxf7 Kxf7
21. g4 Qd8 22. Qb3 Qe7 23. g5 Be5 24. h4 Re8 25. h5 Bxb2 26. g6+ hxg6 27. fxg6+
Kf8 28. c5 Bf6 29. h6 gxh6 30. Bxh6+ Bg7 31. Bg5 Qe2+ 32. Kg3 Be5+ 33. Kh4 Qf2+
34. Kh5 Qf5 35. Qxb7 {Game drawn by mutual agreement} 1/2-1/2

[Event "Team 45 45 League T60"]
[Site "Internet Chess Club"]
[Date "2014.03.06"]
[Round "2"]
[White "tryanything"]
[Black "pokerram"]
[Result "0-1"]
[WhiteElo "1607"]
[BlackElo "1672"]
[Opening "King's Indian: orthodox, Aronin-Taimanov variation (Yugoslav attack / Mar del Plata variation)"]
[ECO "E97"]
[Time "18:53:42"]
[TimeControl "2700+45"]

1. d4 Nf6 2. Nf3 g6 3. c4 Bg7 4. Nc3 O-O 5. e4 d6 6. Be2 e5 7. O-O Nc6 8. d5 Ne7
9. h3 Ne8 10. b3 f5 11. Bb2 h6 12. Nh2 f4 13. Bg4 Nf6 14. Bxc8 Qxc8 15. Qe2 g5
16. Rfd1 Kh7 17. Rac1 Rg8 18. Ng4 Nxg4 19. hxg4 Kg6 20. a4 Rh8 21. f3 h5 22. Kf2
hxg4 23. fxg4 Rh4 24. Rh1 Qh8 25. Rxh4 Qxh4+ 26. Kf3 Qg3# {White checkmated} 0-1

[Event "Team 45 45 League T60"]
[Site "Internet Chess Club"]
[Date "2014.03.09"]
[Round "2"]
[White "DaveTheRook"]
[Black "clarinetref"]
[Result "0-1"]
[WhiteElo "1637"]
[BlackElo "1629"]
[Opening "Queen's bishop game"]
[ECO "D02"]
[Time "13:31:16"]
[TimeControl "2700+45"]

1. d4 d5 2. Nf3 Nf6 3. Bf4 e6 4. e3 c5 5. c4 Nc6 6. Nc3 a6 7. cxd5 Nxd5 8. Nxd5
Qxd5 9. dxc5 Qxc5 10. Rc1 Qa5+ 11. Nd2 Be7 12. a3 O-O 13. Bd3 Rd8 14. Qe2 e5 15.
Bg3 Bf6 16. O-O Qd5 17. Bxh7+ Kxh7 18. Qh5+ Kg8 19. Rfd1 e4 20. Qe2 Qd3 21. Qh5
Bxb2 22. Nc4 Qb3 23. Rxd8+ Nxd8 24. Rd1 Be6 25. Nxb2 Qxb2 26. Bh4 Nc6 27. Bg5
Bb3 28. Re1 Qc3 29. Rf1 Bc4 30. Rd1 Qc2 31. h3 Be2 {White resigns} 0-1

[Event "Team 45 45 League T60"]
[Site "Internet Chess Club"]
[Date "2014.03.10"]
[Round "2"]
[White "PostMike"]
[Black "pcvan"]
[Result "1-0"]
[WhiteElo "1424"]
[BlackElo "1412"]
[Opening "Two knights defense"]
[ECO "C59"]
[Time "14:30:34"]
[TimeControl "2700+45"]

1. e4 e5 2. Nf3 Nc6 3. Bc4 Nf6 4. Ng5 d5 5. exd5 Na5 6. Bb5+ c6 7. dxc6 bxc6 8.
Be2 h6 9. Nf3 Bd6 10. d3 O-O 11. Nc3 Re8 12. Nd2 Bf5 13. O-O Qc7 14. Nce4 Be7
15. Bf3 Nb7 16. Nxf6+ Bxf6 17. Ne4 Be7 18. Be3 Nd6 19. Nxd6 Bxd6 20. Be4 Be6 21.
Qf3 Rac8 22. g3 g6 23. Qd1 Kg7 24. a3 f5 25. Bg2 f4 26. Bd2 Rf8 27. Bc3 Kh7 28.
Kh1 Qd7 29. Re1 Bg4 30. f3 Bh3 31. Bxe5 Bxe5 32. Rxe5 Bxg2+ 33. Kxg2 fxg3 34.
hxg3 Qd4 35. Re7+ Kg8 36. c3 Qc5 37. Qe2 Rf7 38. Rxf7 Kxf7 39. Re1 Rf8 40. Qe6+
Kg7 41. Qe5+ Qxe5 42. Rxe5 Rb8 43. b4 Kf6 44. Rc5 Rb6 45. Kf2 Ke6 46. a4 a6 47.
a5 {Black resigns} 1-0

[Event "Team 45 45 League T60"]
[Site "Internet Chess Club"]
[Date "2014.03.06"]
[Round "2"]
[White "Jack-ONeill"]
[Black "NFork"]
[Result "1/2-1/2"]
[WhiteElo "2052"]
[BlackElo "2163"]
[Opening "French: Burn variation"]
[ECO "C11"]
[Time "13:09:48"]
[TimeControl "2700+45"]

1. e4 e6 2. d4 d5 3. Nc3 Nf6 4. Bg5 dxe4 5. Nxe4 Nbd7 6. Nf3 h6 7. Nxf6+ Nxf6 8.
Bh4 c5 9. dxc5 Qxd1+ 10. Rxd1 Bxc5 11. Ne5 g5 12. Bg3 Ne4 13. Be2 h5 14. Bf3 Nf6
{Game drawn by mutual agreement} 1/2-1/2

[Event "Team 45 45 League T60"]
[Site "Internet Chess Club"]
[Date "2014.03.15"]
[Round "2"]
[White "SlimeDog2"]
[Black "Ptzz"]
[Result "1-0"]
[WhiteElo "1986"]
[BlackElo "2015"]
[Opening "QGD Slav: 4.e3 Bf5"]
[ECO "D12"]
[Time "14:00:15"]
[TimeControl "2700+45"]

1. Nf3 Nf6 2. c4 c6 3. d4 d5 4. e3 Bf5 5. Nc3 a6 6. Be2 h6 7. Qb3 Ra7 8. Ne5 e6
9. g4 Bh7 10. Bd2 Nbd7 11. cxd5 exd5 12. Nxd7 Nxd7 13. Na4 Bd6 14. Bb4 Bxb4+ 15.
Qxb4 Qe7 16. Qxe7+ Kxe7 17. b4 Bc2 18. Nc5 Nxc5 19. bxc5 Ba4 20. Kd2 Bb5 21.
Rhb1 Kd7 22. Rb2 Kc7 23. Rab1 Rf8 24. Bd3 Bxd3 25. Kxd3 f5 26. gxf5 Rxf5 27. h4
g5 28. hxg5 hxg5 29. Rh1 Rf7 30. Rh8 Rg7 31. f3 a5 32. Rg2 b5 33. f4 g4 34. f5
Kb7 35. e4 dxe4+ 36. Kxe4 Ka6 37. f6 Rgf7 38. Ke5 b4 39. Rb8 Rab7 40. Rxb7 Rxb7
41. Ke6 a4 42. f7 Rb8 43. Rxg4 {Black resigns} 1-0

[Event "Team 45 45 League T60"]
[Site "Internet Chess Club"]
[Date "2014.03.11"]
[Round "2"]
[White "JustinL"]
[Black "pishd"]
[Result "1-0"]
[WhiteElo "1988"]
[BlackElo "1759"]
[Opening "French: exchange variation"]
[ECO "C01"]
[Time "10:12:56"]
[TimeControl "2700+45"]

1. e4 e6 2. d4 d5 3. exd5 exd5 4. Nf3 Bd6 5. Bd3 Ne7 6. c3 O-O 7. Qc2 h6 8. O-O
Nd7 9. Re1 c6 10. Nbd2 Re8 11. Nf1 Nf8 12. h4 Neg6 13. Rxe8 Qxe8 14. h5 Nf4 15.
Bxf4 Bxf4 16. Re1 Be6 17. Ne5 Nd7 18. g3 Nxe5 19. dxe5 Bg5 20. f4 Bd8 21. f5
Bb6+ 22. Kg2 Bc8 23. Nh2 c5 24. c4 d4 25. Nf3 Ba5 26. Re2 Bd7 27. e6 fxe6 28.
fxe6 Bc6 29. Bg6 Qe7 30. Bf7+ Kh8 31. Re4 Bc7 32. Nh4 Qg5 33. Kf1 d3 34. Qxd3
Bxe4 35. Qxe4 Qc1+ 36. Kg2 Qxb2+ 37. Kh3 g5 38. Qg6 Qg7 39. Nf5 {Black resigns}
1-0

[Event "Team 45 45 League T60"]
[Site "Internet Chess Club"]
[Date "2014.03.09"]
[Round "2"]
[White "Paul-Romero"]
[Black "imgr8"]
[Result "0-1"]
[WhiteElo "1906"]
[BlackElo "2153"]
[Opening "Queen's gambit accepted"]
[ECO "D20"]
[Time "13:06:53"]
[TimeControl "2700+45"]

1. d4 d5 2. c4 dxc4 3. e3 e5 4. Bxc4 exd4 5. exd4 Bd6 6. Nf3 Nf6 7. O-O O-O 8.
h3 h6 9. Nc3 Nc6 10. Qc2 Na5 11. Bd3 Be6 12. Bd2 Bc4 13. Rfe1 Bxd3 14. Qxd3 Nc6
15. a3 Ne7 16. Nb5 Nfd5 17. Nxd6 Qxd6 18. Rad1 Rad8 19. Qb3 Nc6 20. Bc3 b6 21.
Ne5 Rfe8 22. Nxc6 Qxc6 23. g3 Re6 24. Rxe6 Qxe6 25. Kh2 Qf5 26. Rd2 Re8 27. Qc2
Qf3 28. Qd3 Ne3 {White resigns} 0-1

[Event "Team 45 45 League T60"]
[Site "Internet Chess Club"]
[Date "2014.03.07"]
[Round "2"]
[White "RobertStephen"]
[Black "jjimalo"]
[Result "0-1"]
[WhiteElo "1927"]
[BlackElo "1942"]
[Opening "Sicilian: Najdorf, 7...Be7 main line"]
[ECO "B99"]
[Time "16:02:24"]
[TimeControl "2700+45"]

1. e4 c5 2. Nf3 d6 3. d4 cxd4 4. Nxd4 Nf6 5. Nc3 a6 6. Bg5 e6 7. f4 Be7 8. Qf3
Qc7 9. O-O-O Nbd7 10. Bd3 b5 11. Rhe1 Bb7 12. Qg3 b4 13. Nce2 Nc5 14. Bxf6 Nxd3+
15. Qxd3 Bxf6 16. g4 Rc8 17. g5 Be7 18. h4 O-O 19. h5 Qc4 20. Qxc4 Rxc4 21. Ng1
Rfc8 22. Ngf3 a5 23. Rd2 a4 24. b3 axb3 25. axb3 R4c5 26. e5 Ra5 27. Kb2 Rca8
28. c4 bxc3+ 29. Kxc3 dxe5 30. Nxe5 Bd5 31. Nc4 Rc5 32. Nf5 Bf8 33. Ne3 Rb5 34.
Nc2 Rab8 35. Rb1 Be7 36. b4 f6 37. N4a3 Rc8+ 38. Kd3 Rb7 39. gxf6 Bxf6 40. Nd4
e5 41. fxe5 Bxe5 42. Rf2 Bf7 43. Rf5 Bf6 44. Ndb5 Rd7+ 45. Ke3 Re8+ 46. Kf4 h6
47. Rg1 Rd2 48. Rf1 Rb2 49. Kg3 Rxb4 50. Nc2 Rb3+ 51. R1f3 Rxf3+ 52. Kxf3 Bg5
53. Ncd4 Bxh5+ 54. Kg3 Re3+ 55. Nf3 g6 56. Re5 Rxf3+ {White resigns} 0-1

[Event "Team 45 45 League T60"]
[Site "Internet Chess Club"]
[Date "2014.03.08"]
[Round "2"]
[White "santiagoelawad"]
[Black "Atwode"]
[Result "1-0"]
[WhiteElo "1970"]
[BlackElo "1832"]
[Opening "English, 1...Nf6 (Anglo-Indian defense)"]
[ECO "A15"]
[Time "16:03:17"]
[TimeControl "2700+45"]

1. c4 Nf6 2. g3 e6 3. Bg2 Be7 4. Nf3 O-O 5. O-O d5 6. b3 c6 7. Bb2 Nbd7 8. d3
Qc7 9. e3 dxc4 10. bxc4 e5 11. Nc3 b6 12. Qe2 Bb7 13. Nh4 Rfe8 14. Nf5 Bf8 15.
g4 Nc5 16. g5 Nfd7 17. h4 g6 18. Ng3 Rad8 19. Rad1 Bg7 20. Nce4 Nxe4 21. Nxe4 f5
22. gxf6 Nxf6 23. Nxf6+ Bxf6 24. h5 g5 25. Qg4 Qd7 26. Qg3 c5 27. Bxb7 Qxb7 28.
Qg4 Qg7 29. f3 Qd7 30. Rd2 Qxg4+ 31. fxg4 Bg7 32. Rf5 h6 33. e4 Rf8 34. Kf2
Rxf5+ 35. exf5 e4 36. Bxg7 Kxg7 37. Ke3 exd3 38. Rxd3 Re8+ 39. Kf3 Re7 40. Rd6
Kh7 41. f6 Rb7 42. Ke4 a6 43. Kd5 Rb8 44. Rd7+ Kg8 45. Ke6 Re8+ 46. Re7 Rd8 47.
Rb7 Re8+ 48. Kf5 Re2 49. Kg6 {Black resigns} 1-0

[Event "Team 45 45 League T60"]
[Site "Internet Chess Club"]
[Date "2014.03.06"]
[Round "2"]
[White "willhelm"]
[Black "justice02"]
[Result "1-0"]
[WhiteElo "1948"]
[BlackElo "1802"]
[Opening "Dutch"]
[ECO "A80"]
[Time "20:30:22"]
[TimeControl "2700+45"]

1. d4 f5 2. Nf3 g6 3. Bf4 Bg7 4. e3 Nf6 5. Bd3 O-O 6. c3 Nc6 7. Nbd2 e6 8. O-O
b6 9. Qe2 Bb7 10. Bg5 Ne7 11. e4 h6 12. Bxf6 Bxf6 13. Rfe1 Kh7 14. e5 Bg7 15. c4
a5 16. Rad1 Ng8 17. Nb1 c5 18. dxc5 bxc5 19. Nc3 Ra6 20. Nb5 Rb6 21. Bc2 Qe7 22.
Rd2 Bc6 23. Red1 Rd8 24. Ne1 Qg5 25. f3 Qf4 26. Ba4 Qxe5 27. Qxe5 Bxe5 28. Nd3
Bd4+ 29. Nxd4 Bxa4 30. Nb3 Bxb3 31. axb3 Nf6 32. Nxc5 d5 33. Ra1 Ra8 34. Re2
dxc4 35. bxc4 e5 36. b3 e4 37. fxe4 fxe4 38. Ra3 a4 39. Nxa4 Rc6 40. Raa2 Rb8
41. Rab2 g5 42. Nc3 Re8 43. Re3 Kg6 44. h3 Kf5 45. Rd2 Kf4 46. Kf2 h5 47. Nd5+
Nxd5 48. Rxd5 h4 49. Rd2 Ra6 50. Rc2 Ra1 51. c5 Ke5 52. b4 Kd4 53. Re1 e3+ 54.
Ke2 Rxe1+ 55. Kxe1 Kd3 56. Rc1 e2 57. Ra1 Kc4 58. c6 Kxb4 59. Rc1 Kb5 60. c7 Rc8
61. Kxe2 Kb6 62. Kf3 Ka7 63. Kg4 Kb7 64. Kxg5 Rg8+ 65. Kxh4 Kc8 66. g4 Rh8+ 67.
Kg3 Re8 68. Rc3 Re1 69. g5 Rg1+ 70. Kh4 Rg2 71. Kh5 Rg1 72. g6 Re1 73. Rg3 Re8
74. g7 Rg8 75. Kh6 Kxc7 76. Kh7 {Black resigns} 1-0